 Dungeon Crawl Stone Soup version 0.18.1-1-g2f07953 (webtiles) character file.

74 M4edhros the Sneak (level 4, -1/28 HPs)
             Began as an Octopode Artificer on May 7, 2016.
             Slain by Ptimou's ghost (4 damage)
             ... on level 3 of the Dungeon.
             The game lasted 00:01:58 (1803 turns).

M4edhros the Sneak (Octopode Artificer)             Turns: 1803, Time: 00:01:58

Health: -1/28      AC:  1    Str: 10    XL:     4   Next: 30%
Magic:  6/6        EV: 12    Int: 14    God:
Gold:   89         SH:  0    Dex: 13    Spells: 0 memorised, 3 levels left

rFire  . . .     SeeInvis .     a - +0 short sword
rCold  . . .     Gourm    .     (no shield)
rNeg   . . .     Faith    .     (helmet restricted)
rPois  .         Spirit   .     (no amulet)
rElec  .         Dismiss  .     (no ring)
rCorr  .         Reflect  .     (no ring)
SustAt .         Harm     .     (no ring)
MR     .....                    (no ring)
Stlth  ++++......               (no ring)
                                (no ring)
                                (no ring)
                                (no ring)

@: not resistant to hostile enchantments, stealthy
A: almost no armour, amphibious, 8 rings, constrict 8, camouflage 1, gelatinous
body 1
a: no special abilities


You were on level 3 of the Dungeon.
You were hungry.

You visited 1 branch of the dungeon, and saw 3 of its levels.

You collected 89 gold pieces.

Inventory:

Hand Weapons
 a - a +0 short sword (weapon)
Jewellery
 i - an uncursed ring of flight {unknown}
Wands
 b - a wand of flame (8/48)
 c - a wand of enslavement (15/24)
 d - a wand of random effects (15/48)
 l - a wand of confusion (24/48)
Scrolls
 e - a scroll of remove curse
 g - 4 scrolls of identify {unknown}
 k - a scroll of fog {unknown}
 m - a scroll of recharging {unknown}
 o - a scroll of enchant weapon {unknown}
Potions
 h - a potion of magic {unknown}
 j - a potion of ambrosia {unknown}
 n - a potion of degeneration {unknown}
Comestibles
 f - 3 bread rations


   Skills:
 - Level 1.0 Fighting
 - Level 1.0 Short Blades
 - Level 2.0 Dodging
 + Level 5.8 Stealth
 - Level 3.2 Evocations


You had 3 spell levels left.
You didn't know any spells.

Dungeon Overview and Level Annotations

Branches:
Dungeon (3/15)

Altars:
Pakellas
The Shining One

Annotations:
D:3 Ptimou's ghost, amateur HuTm


Innate Abilities, Weirdness & Mutations

You cannot wear most types of armour.
You are amphibious.
You can wear up to eight rings at the same time.
You can use your tentacles to constrict eight enemies at once.
Your skin changes colour to match your surroundings (Stealth).
Your rubbery body absorbs attacks (AC +1).


Message History

Aim: Ptimou's ghost (heavily damaged)
The puff of flame hits Ptimou's ghost.
Ptimou's ghost is severely damaged.
This wand has 10 charges left.
Ptimou's ghost hits you but does no damage.
Evoke which item? (* to show all) (? for menu, Esc to quit)
Zapping:
b - a wand of flame (10/48)
Press: ? - help, Shift-Dir - straight line, f/p - Ptimou's ghost
Aim: Ptimou's ghost (severely damaged)
The puff of flame hits Ptimou's ghost.
Ptimou's ghost is almost destroyed.
This wand has 9 charges left.
Ptimou's ghost closely misses you.
Evoke which item? (* to show all) (? for menu, Esc to quit)
Zapping:
b - a wand of flame (9/48)
Press: ? - help, Shift-Dir - straight line, f/p - Ptimou's ghost
Aim: Ptimou's ghost (almost destroyed)
The puff of flame hits Ptimou's ghost.
Ptimou's ghost is almost destroyed.
This wand has 8 charges left.
Ptimou's ghost hits you.
You die...

.. #.. .# #.# .#
#.##.#. .# #
#.##.#.### .##(#
#.##.#..%. ...
#.##†###.###.#
#.#......@W..#
#.#..###.##..#
##.#..###.##..#
#.............#
#.##.##....#........
#.##.##?...#..######
#.##.##.####....
#.##.##.# #..###
#.##..... ...#


You could see Ptimou's ghost.

Vanquished Creatures
  Jessica (D:2)
  2 oozes
  A worm (D:2)
  A dart slug (D:2)
  2 giant cockroaches
  A goblin (D:2)
  6 hobgoblins
  3 jackals (D:3)
  A quokka (D:2)
  5 bats (D:1)
  4 giant newts
  6 kobolds
  3 rats
36 creatures vanquished.

Vanquished Creatures (others)
  A wolf spider (D:2)
1 creature vanquished.

Grand Total: 37 creatures vanquished

Notes
Turn   | Place    | Note
--------------------------------------------------------------
     0 | D:1      | M4edhros the Octopode Artificer began the quest for the Orb.
     0 | D:1      | Reached XP level 1. HP: 13/13 MP: 3/3
    34 | D:1      | Reached skill level 2 in Stealth
   331 | D:1      | Reached skill level 3 in Stealth
   331 | D:1      | Reached XP level 2. HP: 18/18 MP: 4/4
   984 | D:2      | Found a glowing golden altar of the Shining One.
  1185 | D:2      | Reached skill level 4 in Stealth
  1186 | D:2      | Reached XP level 3. HP: 16/23 MP: 5/5
  1396 | D:2      | Noticed Jessica
  1403 | D:2      | Killed Jessica
  1403 | D:2      | Reached skill level 5 in Stealth
  1403 | D:2      | Reached XP level 4. HP: 23/28 MP: 6/6
  1436 | D:2      | Found an oddly glowing altar of Pakellas.
  1436 | D:2      | Noticed a wolf spider
  1442 | D:2      | Killed a wolf spider
  1788 | D:3      | Noticed Ptimou's ghost (amateur HuTm)
  1803 | D:3      | Slain by Ptimou's ghost

Skill      XL: |  1  2  3 |
---------------+----------+-----
Stealth        | 3 4 5 |  5.8
Fighting       | |  1.0
Short Blades   | |  1.0
Dodging        | |  2.0
Evocations     | |  3.2

Action                   |  1- 3 |  4- 6 || total
-------------------------+-------+-------++-------
Melee: Short sword       |    58 |    21 ||    79
       Constrict         |    12 |     5 ||    17
       Tentacles         |     8 |     4 ||    12
Evoke: Wand              |       |     7 ||     7
  Use: Scroll            |     1 |       ||     1
 Stab: Sleeping          |     9 |     3 ||    12
  Eat: Chunk             |     1 |     1 ||     2
Armor: Skin              |     3 |     2 ||     5
Dodge: Dodged            |    37 |    16 ||    53
